 Dungeon Crawl Stone Soup version 0.19.0-23-gf02e663 (webtiles) character file.

522 RKaid the Cleaver (level 7, -4/57 HPs)
             Began as a Minotaur Fighter on Nov 19, 2016.
             Slain by Crazy Yiuf
             ... wielding a +3 quarterstaff of chaos
              (13 damage)
             ... on level 3 of the Dungeon.
             The game lasted 00:02:40 (1962 turns).

RKaid the Cleaver (Minotaur Fighter)                Turns: 1962, Time: 00:02:41

Health: -4/57      AC:  6    Str: 23    XL:     7   Next: 1%
Magic:  6/6        EV:  7    Int:  5    God:
Gold:   212        SH: 11    Dex:  9    Spells: 0 memorised, 6 levels left

rFire  + . .     SeeInvis .     a - +0 war axe
rCold  . . .     Gourm    .     b - +0 scale mail
rNeg   . . .     Faith    .     h - +2 shield {rPois}
rPois  +         Spirit   .     (helmet restricted)
rElec  .         Reflect  .     (no cloak)
rCorr  .         Harm     .     (no gloves)
MR     .....                    (no boots)
Stlth  ..........               (no amulet)
                                (no ring)
                                e - ring of protection from fire {rF+, !d}

@: no status effects
A: retaliatory headbutt, horns 2
a: no special abilities


You were on level 3 of the Dungeon.
You were not hungry.

You visited 1 branch of the dungeon, and saw 3 of its levels.

You collected 212 gold pieces.

Inventory:

Hand Weapons
 a - a +0 war axe (weapon)
Armour
 b - a +0 scale mail (worn)
 h - a +2 shield of poison resistance (worn)
   (You found it on level 1 of the Dungeon)
Jewellery
 e - a ring of protection from fire (left hand) {rF+, !d}
   (You found it on level 1 of the Dungeon)
Wands
 s - a wand of lightning (8/15)
   (You took it off Ijyb on level 3 of the Dungeon)
Scrolls
 j - 4 scrolls of recharging {unknown}
 k - 4 scrolls of teleportation {unknown}
 l - 2 scrolls of remove curse {unknown}
 n - a scroll of noise {unknown}
 q - a scroll of identify {unknown}
Potions
 c - a potion of resistance {unknown}
 d - a potion of might
 m - 2 potions of haste {unknown}
 o - 2 potions of heal wounds
 r - a potion of cancellation {unknown}
 t - a potion of curing {unknown}
Books
 p - a book of Maledictions
   (You found it on level 2 of the Dungeon)
Comestibles
 f - 3 bread rations
 g - 10 chunks of flesh
 i - a beef jerky
 u - a meat ration


   Skills:
 - Level 3.6 Fighting
 + Level 9.2 Axes
 - Level 3.6 Armour
 - Level 3.6 Shields


You had 6 spell levels left.
You didn't know any spells.

Dungeon Overview and Level Annotations

Branches:
Dungeon (3/15)

Altars:
Qazlal
Yredelemnul

Annotations:
D:3 Crazy Yiuf


Innate Abilities, Weirdness & Mutations

You reflexively headbutt those who attack you in melee.
You have a pair of horns on your head.


Message History

You kill the orc!
You hit the orc but do no damage. The orc hits you but does no damage.
You slash the orc!
You kill the orc!
No target in view!
No target in view!
You butcher the orc corpse.
g - 6 chunks of flesh (gained 1)
You see here an orc skeleton. x2
Things that are here:
a whip; a ring mail; an orc corpse You butcher the orc corpse.
g - 10 chunks of flesh (gained 4)
Things that are here:
a whip; a ring mail
Things that are here:
a whip; a ring mail
j - 3 scrolls labeled YFOALI ZINKE (gained 1)
Things that are here:
a chain mail; an orc corpse You butcher the orc corpse.
g - 14 chunks of flesh (gained 4)
You see here a chain mail. x2
A quokka comes into view.
The quokka moves out of view.
Some of the chunks of flesh in your inventory have rotted away.
A quokka is nearby!
A quokka is nearby!
A quokka is nearby!
A quokka is nearby!
You slash the quokka!
You kill the quokka!
No target in view!
No target in view!
A bat comes into view.
A bat is nearby!
A bat is nearby!
A bat is nearby!
You block the bat's attack.
You closely miss the bat. You block the bat's attack.
The bat hits you but does no damage. You block the bat's attack.
You slash the bat!
You kill the bat!
No target in view!
No target in view!
You butcher the bat corpse.
g - 11 chunks of flesh (gained 1)
You see here a bat skeleton. x2
You now have 196 gold pieces (gained 17).
You now have 212 gold pieces (gained 16).
You open the door.
There is an open door here.
j - 4 scrolls labeled YFOALI ZINKE (gained 1)
A goblin comes into view. It is wielding a club.
You block the goblin's attack.
A goblin is nearby!
A goblin is nearby!
A goblin is nearby!
You hit the goblin. You headbutt the goblin.
The goblin hits you but does no damage.
You slash the goblin!
You kill the goblin!
Things that are here:
a club; a goblin corpse Why would you want to do that?
You butcher the goblin corpse.
g - 12 chunks of flesh (gained 1)
You see here a club. x2
You open the door.
There is an open door here.
There is a stone staircase leading down here.
Some of the chunks of flesh in your inventory have rotted away.
Eating one of 11 chunks of flesh.
You start eating one of the 11 chunks of flesh.
You are feeling hungry.
This raw flesh tastes terrible.
Partly explored, obstructed by runed door.
Partly explored, obstructed by runed door.
You open the door.
Marking area around Crazy Yiuf as unsafe for travelling.
Crazy Yiuf the Enlightened comes into view.
He is wielding a quarterstaff of chaos.
Crazy Yiuf shouts!
Crazy Yiuf sings, "Trees, trees, trees, circus!"
There is an open door here.
You slash Crazy Yiuf!
Crazy Yiuf hits you with a quarterstaff of chaos.
Crazy Yiuf freezes you.
You hit Crazy Yiuf. You block Crazy Yiuf's attack.
You hit Crazy Yiuf but do no damage. Your headbutt misses Crazy Yiuf.
Crazy Yiuf drinks a potion.
Crazy Yiuf goes berserk!
You hit Crazy Yiuf. Your headbutt misses Crazy Yiuf.
Crazy Yiuf hits you with a quarterstaff of chaos!
You block Crazy Yiuf's attack.
You hit Crazy Yiuf but do no damage. You block Crazy Yiuf's attack.
You closely miss Crazy Yiuf. Your headbutt misses Crazy Yiuf.
Crazy Yiuf hits you with a quarterstaff of chaos! x2
* * * LOW HITPOINT WARNING * * *
You are electrocuted!
You die...

#....#
##........##
♣....♣
#...........
♣♣...♣
#...........
♣♣.♣♣
#..######.#.
♣♣.♣ #..#
#..< ♣.♣♣
#..# ####
♣♣.♣ #..#
♣.♣♣ #..#
#@# #..#
#.g.# #..#
#...# ####
#)..# #####


You could see Crazy Yiuf (berserk).

Vanquished Creatures
  Grinder (D:3)
  2 orc priests (D:3)
  An orc wizard (D:3)
  Ijyb (D:3)
  Natasha (twice) (D:2)
  2 adders
  3 gnolls (D:2)
  An ooze (D:3)
  2 worms (D:2)
  4 dart slugs
  2 leopard geckos
  12 orcs (D:3)
  4 giant cockroaches
  8 goblins
  7 hobgoblins
  6 jackals
  8 kobolds
  A quokka (D:3)
  7 bats
  3 frilled lizards
  9 rats
86 creatures vanquished.

Notes
Turn   | Place    | Note
-------+----------+-------------------------------------------
     0 | D:1      | RKaid the Minotaur Fighter began the quest for the Orb.
     0 | D:1      | Reached XP level 1. HP: 19/19 MP: 0/0
    73 | D:1      | Reached skill level 3 in Axes
    80 | D:1      | Reached XP level 2. HP: 26/26 MP: 1/1
   240 | D:1      | Reached skill level 4 in Axes
   259 | D:1      | Reached XP level 3. HP: 28/31 MP: 2/2
   494 | D:2      | Found a basalt altar of Yredelemnul.
   494 | D:2      | Noticed Natasha
   501 | D:2      | Killed Natasha
   517 | D:2      | Reached skill level 5 in Axes
   557 | D:2      | Reached XP level 4. HP: 30/39 MP: 3/3
   583 | D:2      | Found a stormy altar of Qazlal.
   600 | D:2      | Noticed Natasha
   609 | D:2      | Killed Natasha
   609 | D:2      | Reached skill level 6 in Axes
  1034 | D:2      | Reached XP level 5. HP: 45/45 MP: 4/4
  1227 | D:3      | Noticed Grinder
  1235 | D:3      | Reached skill level 7 in Axes
  1246 | D:3      | HP: 10/45 [Grinder (8)]
  1250 | D:3      | Killed Grinder
  1250 | D:3      | Reached skill level 8 in Axes
  1250 | D:3      | Reached XP level 6. HP: 42/51 MP: 5/5
  1360 | D:3      | Noticed Ijyb
  1474 | D:3      | Killed Ijyb
  1492 | D:3      | Reached skill level 9 in Axes
  1513 | D:3      | Found a faded altar of an unknown god.
  1750 | D:3      | Reached XP level 7. HP: 53/57 MP: 6/6
  1951 | D:3      | Found a runed door.
  1955 | D:3      | Noticed Crazy Yiuf
  1962 | D:3      | HP: 9/57 [Crazy Yiuf/quarterstaff of chaos (14)]
  1962 | D:3      | Slain by Crazy Yiuf

Skill      XL: |  1  2  3  4  5  6 |
---------------+-------------------+-----
Axes           | 3 4 5 6 8 9 |  9.2
Fighting       | |  3.6
Armour         | |  3.6
Shields        | |  3.6

Action                   |  1- 3 |  4- 6 |  7- 9 || total
-------------------------+-------+-------+-------++-------
Melee: War axe           |    48 |   124 |    15 ||   187
       Headbutt          |     9 |    20 |     2 ||    31
  Use: Potion            |       |     1 |       ||     1
  Eat: Chunk             |       |     3 |     1 ||     4
Armor: Scale mail        |    20 |    41 |     4 ||    65
Dodge: Dodged            |    15 |    41 |     1 ||    57
Block: Shield            |    36 |    82 |     9 ||   127

Vault maps used:
D:1:      lordsloth_arrival_two_stooges
D:2:      overflow_temple_1_default, grunt_qazlal_clouds, uniq_natasha
D:3:      first_bread, ecumenical_altar_2, kennysheep_generic_room_9,
          uniq_crazy_yiuf_cottage, uniq_iyjb, uniq_grinder

Table legend:
 A = Turns spent in this place as a percentage of turns spent in the entire game.
 B = Non-inter-level travel turns spent in this place as a percentage of non-inter-level travel turns spent in the entire game.
 C = Inter-level travel turns spent in this place as a percentage of turns spent in this place.
 D = Turns resting spent in this place as a percentage of non-inter-level travel turns spent in this place.
 E = Turns spent auto-exploring this place as a percentage of non-inter-level travel turns spent in this place.
 F = Non-inter-level travel turns spent in this place divided by the number of levels of this place that you've seen.
                   A       B       C       D       E      F
               +-------+-------+-------+-------+-------+----------------------
         Total | 100.0 | 100.0 |   0.0 |   1.5 |  11.6 | 239.0
       Dungeon | 100.0 | 100.0 |   0.0 |   1.5 |  11.6 | 239.0
               +-------+-------+-------+-------+-------+----------------------

Table legend:
 A = Kills in this place as a percentage of kills in entire the game.
 B = Kills by you in this place as a percentage of kills by you in the entire game.
 C = Kills by friends in this place as a percentage of kills by friends in the entire game.
 D = Other kills in this place as a percentage of other kills in the entire game.
 E = Experience gained in this place as a percentage of experience gained in the entire game.
 F = Experience gained in this place divided by the number of levels of this place that you have seen.
                   A       B       C       D       E      F
               +-------+-------+-------+-------+-------+----------------------
         Total | 100.0 | 100.0 |  -nan |  -nan | 100.0 | 248.7
       Dungeon | 100.0 | 100.0 |  -nan |  -nan | 100.0 | 248.7
               +-------+-------+-------+-------+-------+----------------------
